[Event "ICC tourney 3208 (40 10)"]
[Site "Internet Chess Club"]
[Date "2023.06.03"]
[Round "5"]
[White "palani, mohnishkirupaa:chesswarriors12"]
[Black "HAO, RYAN:Ryan334"]
[Result "1-0"]
[ICCResult "Black checkmated"]
[WhiteElo "1803"]
[BlackElo "1613"]
[Opening "Queen's pawn game, Darooha variation "]
[ECO "D02"]
[NIC "QP.08"]
[Time "20:38:50"]
[PlyCount "155"]
[TimeControl "2400+10"]

1. d4 d5 2. Nf3 Nf6 3. g3 Bf5 4. Bg2 e6 5. O-O c5 6. c4 dxc4 7. Nc3 Be7 8.
Nh4 Qc7 9. Nxf5 exf5 10. dxc5 Bxc5 11. Bf4 Qe7 12. Qa4+ Nc6 13. Bxc6+ Kf8
14. Bf3 Bb6 15. Rad1 h6 16. Bd6 Rd8 17. Bxe7+ Kxe7 18. Rxd8 Rxd8 19. Rd1
Rxd1+ 20. Nxd1 g5 21. Qxc4 g4 22. Bxb7 Kf8 23. Qc3 Kg7 24. Ne3 Kg6 25. Nd5
Ne4 26. Qc6+ Kg7 27. e3 Ng5 28. Qf6+ Kh7 29. Nxb6 axb6 30. Qxf5+ Kg7 31.
Qxg4 Kf6 32. h4 Ne6 33. Bd5 Ke7 34. Bxe6 fxe6 35. Qb4+ Kf6 36. Qxb6 Kf5 37.
Qxe6+ Kxe6 38. Kg2 Kf5 39. Kh3 Ke4 40. Kg4 Kd3 41. b4 Ke2 42. a4 Kxf2 43. b5
Kg1 44. a5 Kh2 45. b6 Kh1 46. a6 Kh2 47. b7 Kh1 48. a7 h5+ 49. Kxh5 Kh2 50.
b8=Q Kh3 51. a8=Q Kh2 52. g4+ Kg1 53. Qg2+ Kxg2 54. Qg3+ Kxg3 55. g5 Kf3 56.
g6 Kg3 57. g7 Kh3 58. e4 Kh2 59. e5 Kh3 60. e6 Kh2 61. Kg6 Kh3 62. h5 Kh2
63. h6 Kh1 64. h7 Kg1 65. e7 Kf1 66. g8=Q Kg1 67. h8=Q Kf1 68. e8=Q Kg1 69.
Kf7+ Kf1 70. Qg1+ Kxg1 71. Qg7+ Kf1 72. Qe6 Kf2 73. Qf5+ Ke3 74. Qge5+ Kd2
75. Qd7+ Kc2 76. Qec7+ Kb3 77. Qb5+ Ka3 78. Qa7# {Black checkmated} 1-0

[Event "ICC tourney 3208 (40 10)"]
[Site "Internet Chess Club"]
[Date "2023.06.03"]
[Round "5"]
[White "Hamlett, James Morrison:Hamlett144"]
[Black "ZENG, CALEB:calebzeng"]
[Result "1/2-1/2"]
[ICCResult "Game drawn by repetition"]
[WhiteElo "1414"]
[BlackElo "1680"]
[Opening "Giuoco Piano"]
[ECO "C54"]
[NIC "IG.02"]
[Time "20:02:07"]
[PlyCount "156"]
[TimeControl "2400+10"]

1. e4 e5 2. Nf3 Nc6 3. Bc4 Bc5 4. c3 Nf6 5. d3 d6 6. O-O Bg4 7. Nbd2 a5 8.
a4 O-O 9. Qb3 Qd7 10. Kh1 Ne7 11. Ng5 h6 12. Nxf7 d5 13. exd5 Kxf7 14. d6+
Ke8 15. dxe7 Kxe7 16. f3 Bf5 17. d4 exd4 18. Re1+ Kd8 19. Qxb7 Ra7 20. Qb8+
Qc8 21. Qxc8+ Kxc8 22. Nb3 Bb6 23. cxd4 Rd8 24. Be3 Nd5 25. Bxd5 Rxd5 26.
Rac1 Rb7 27. Bf4 Kd7 28. Be5 g6 29. g4 Be6 30. Bf6 Ba7 31. Nc5+ Bxc5 32.
dxc5 c6 33. Red1 Rxd1+ 34. Rxd1+ Bd5 35. Bc3 Kc8 36. Rd3 Rf7 37. Kg2 Re7 38.
Kf2 Rb7 39. Re3 Kd7 40. Bf6 Be6 41. Rd3+ Bd5 42. Ke3 Ke6 43. Bc3 Rf7 44. f4
h5 45. h3 Rb7 46. Kd4 Bb3 47. Bxa5 Rd7+ 48. Kc3 Rxd3+ 49. Kxd3 Bxa4 50. gxh5
gxh5 51. h4 Kf5 52. Bc7 Bb5+ 53. Kd4 Ba6 54. Ke3 Bb5 55. Bd8 Ba6 56. Bg5 Bb5
57. Kd4 Ba6 58. Kc3 Bb5 59. Kb4 Be2 60. Ka5 Bb5 61. b4 Bc4 62. Kb6 Bb5 63.
Kc7 Ba4 64. Kd6 Bb5 65. Kc7 Ba4 66. Kb6 Bb5 67. Ka5 Bc4 68. Ka4 Bb5+ 69. Kb3
Bd3 70. Kc3 Bb5 71. Kd2 Ba4 72. Ke3 Bb5 73. Kf2 Bc4 74. Ke3 Bb5 75. Kd4 Ba4
76. Bh6 Bb5 77. Ke3 Bc4 78. Bg5 Bb5 {Game drawn by repetition} 1/2-1/2

[Event "ICC tourney 3208 (40 10)"]
[Site "Internet Chess Club"]
[Date "2023.06.03"]
[Round "5"]
[White "TANG, OWEN:OwenT477"]
[Black "S.M, UMER:uncrackable"]
[Result "1-0"]
[ICCResult "Black resigns"]
[WhiteElo "1835"]
[BlackElo "1871"]
[Opening "Sicilian: Anderssen variation"]
[ECO "B41"]
[NIC "SI.41"]
[Time "20:00:12"]
[PlyCount "95"]
[TimeControl "2400+10"]

1. e4 c5 2. Nf3 e6 3. d4 cxd4 4. Nxd4 Nf6 5. Nc3 Nc6 6. Ndb5 Bc5 7. Nd6+ Ke7
8. Bf4 e5 9. Nf5+ Kf8 10. Bg5 d6 11. Ne3 Be6 12. Bd3 h6 13. Bxf6 Qxf6 14.
O-O g6 15. Ncd5 Qd8 16. c3 a6 17. Qf3 Kg7 18. Rfd1 Qg5 19. g3 h5 20. h4 Qd8
21. Rd2 Rc8 22. Rad1 Rf8 23. Bf1 f6 24. b4 Ba7 25. a4 Nb8 26. a5 Qd7 27. Nb6
Bxb6 28. Rxd6 Qf7 29. Rxb6 Nc6 30. Rd6 Rfd8 31. Rxe6 Qxe6 32. Rxb7+ Rd7 33.
Bxa6 Rxb7 34. Bxb7 Rc7 35. a6 Qa2 36. Nd5 Rf7 37. Bxc6 Qxa6 38. b5 Qa1+ 39.
Kg2 f5 40. exf5 Rxf5 41. Qe3 Qb2 42. Ne7 Rf6 43. Nd5 Rf5 44. b6 e4 45. Qd4+
Kh7 46. b7 Rf3 47. Nf6+ Kh6 48. Nxe4 {Black resigns} 1-0